 Dungeon Crawl Stone Soup version 0.20-a0-550-gf70bbbc (console) character file.

4657 nht the Basher (level 10, -11/138 HPs)
             Began as an Ogre Berserker on Feb 2, 2017.
             Was a Priest of Trog.
             Mangled by a lorocyproca (21 damage)
             ... on level 1 of the Abyss.
             The game lasted 00:18:25 (6931 turns).

nht the Basher (Ogre Berserker)                     Turns: 6931, Time: 00:18:26

Health: -11/138    AC:  4    Str: 31    XL:     10   Next: 43%
Magic:  2/10       EV: 10    Int:  8    God:    Trog [***...]
Gold:   423        SH:  0    Dex: 12    Spells: 9/9 levels left

rFire    . . .     SeeInvis .   o - +3 whip (venom)
rCold    + . .     Gourm    .   b - +1 animal skin
rNeg     . . .     Faith    .   (no shield)
rPois    .         Spirit   .   (helmet restricted)
rElec    .         Reflect  .   (no cloak)
rCorr    .         Harm     .   (gloves unavailable)
MR       +....                  (boots unavailable)
Stlth    ..........             (no amulet)
Regen    0.4/turn               j - ring of protection from cold
                                B - +4 ring of dexterity

@: berserking, very slightly contaminated, very quick
A: unfitting armour, tough skin 1
a: Berserk, Trog's Hand, Burn Spellbooks, Renounce Religion


You were on level 1 of the Abyss.
You worshipped Trog.
Trog was most pleased with you.
You were not hungry.

You visited 1 branch of the dungeon, and saw 8 of its levels.
You visited the Abyss 1 time.

You collected 423 gold pieces.

Inventory:

Hand Weapons
 f - a +0 giant club
 o - a +3 whip of venom (weapon)
Missiles
 h - 5 tomahawks
 s - 10 tomahawks of returning (quivered)
 w - 4 javelins
Armour
 b - a +1 animal skin (worn)
Jewellery
 j - a ring of protection from cold (right hand)
 B - a +4 ring of dexterity (left hand)
Wands
 e - a wand of polymorph (24/24)
 g - a wand of polymorph (4/24)
Scrolls
 i - 3 scrolls of recharging
 l - 2 scrolls of enchant armour
 t - 2 scrolls of remove curse
 v - 6 scrolls of blinking
 y - 3 scrolls of fog
Potions
 m - 3 potions of might
 q - 4 potions of haste
 u - 3 potions of flight
 z - a potion of berserk rage
Miscellaneous
 p - a phial of floods
Comestibles
 c - a bread ration
 k - 5 meat rations


   Skills:
 - Level 4.0 Fighting
 - Level 12.1 Maces & Flails
 + Level 7.2 Throwing
 - Level 2.6 Dodging


You had 9 spell levels left.
You didn't know any spells.

Dungeon Overview and Level Annotations

Branches:
Dungeon (8/15)             Temple (0/1) D:6
   Lair: D:8-11

Altars:
Elyvilon
Yredelemnul

Shops:
D:4 [   D:8 (


Innate Abilities, Weirdness & Mutations

You are too large for most types of armour.
You have tough skin. (AC +1)


Message History

You hit the small abomination.
The small abomination is moderately damaged.
You completely miss the small abomination.
The small abomination is moderately damaged.
The small abomination hits you!
You barely miss the small abomination.
The small abomination is moderately damaged.
Something hits you!!
* * * LOW HITPOINT WARNING * * *
You feel your power leaking away.
Deactivating autopickup; reactivate with Ctrl-A.
You closely miss the small abomination.
The small abomination is moderately damaged.
You whack the small abomination!
The small abomination is heavily damaged.
The small abomination closely misses you.
You barely miss the small abomination.
The small abomination is heavily damaged.
Something hits you!!
You die... ... ████

█.█ ...██...█...
█....█..█.█
█...█.... █
█.....█.██ █......█
█.. ██...█. ██ █
██.██ █ ...███..@██
█ █.....█...{x██.█
..............§█
█.....█......█..█
███...███...█.█...█
....█. .█.█....█.█
. █......██..███ █
.█. ....█.█. . .


You could see a small abomination.

Vanquished Creatures
  Erica (D:8)
  A sixfirhy (Abyss:1)
  Joseph (D:8)
  A raiju (Abyss:1)
  5 yaks (D:8)
  A warg (D:4)
  Duvessa (D:4)
  2 sky beasts
  A phantom (D:7)
  An ice beast (D:7)
  2 ogres
  A centaur (D:6)
  4 bullfrogs
  Dowan (D:4)
  A scorpion (D:6)
  3 wights (D:8)
  A crimson imp (D:5)
  A bullfrog zombie (D:5)
  A centaur zombie (D:6)
  2 hounds
  2 jellies
  An orc priest (D:5)
  2 bullfrog skeletons (D:6)
  A centaur skeleton (D:5)
  Terence (D:3)
  An iguana (D:4)
  Natasha (thrice) (D:3)
  6 orc wizards
  A worker ant (D:6)
  8 gnolls
  9 adders
  4 shadow imps
  2 oozes
  3 dart slugs
  3 leopard geckos
  22 orcs
  5 giant cockroaches
  4 goblins
  5 hobgoblins
  11 jackals
  2 quokkas
  10 bats
  7 frilled lizards
  A jackal skeleton (D:5)
  2 kobolds (D:3)
  2 leopard gecko skeletons (D:4)
  A leopard gecko zombie (D:6)
  4 rats
155 creatures vanquished.

Notes
Turn   | Place    | Note
-------+----------+-------------------------------------------
     0 | D:1      | nht the Ogre Berserker began the quest for the Orb.
     0 | D:1      | Reached XP level 1. HP: 24/24 MP: 1/1
    82 | D:1      | Reached skill level 3 in Maces & Flails
   183 | D:1      | Reached XP level 2. HP: 31/32 MP: 2/2
   634 | D:2      | Reached XP level 3. HP: 39/39 MP: 3/3
   805 | D:2      | Reached ** piety under Trog
  1038 | D:2      | Reached skill level 4 in Maces & Flails
  1306 | D:3      | Noticed Terence
  1319 | D:3      | Killed Terence
  1319 | D:3      | Reached XP level 4. HP: 40/48 MP: 4/4
  1553 | D:3      | Reached skill level 5 in Maces & Flails
  1556 | D:3      | Reached XP level 5. HP: 45/54 MP: 5/5
  1649 | D:3      | Noticed Natasha
  1676 | D:3      | Killed Natasha
  2017 | D:3      | Noticed Natasha
  2021 | D:3      | Killed Natasha
  2195 | D:3      | Noticed Natasha
  2213 | D:3      | Killed Natasha
  2213 | D:3      | Reached skill level 6 in Maces & Flails
  2213 | D:3      | Reached XP level 6. HP: 40/62 MP: 6/6
  2418 | D:4      | Noticed Dowan
  2419 | D:4      | Noticed Duvessa
  2430 | D:4      | Killed Duvessa
  2437 | D:4      | Killed Dowan
  2552 | D:4      | Reached skill level 7 in Maces & Flails
  2552 | D:4      | Reached XP level 7. HP: 59/70 MP: 7/7
  2577 | D:4      | Noticed Eustachio
  2704 | D:4      | Noticed Eustachio
  2704 | D:4      | Eustachio changed into Eustachio the warg
  2714 | D:4      | Killed Eustachio the warg
  3086 | D:4      | Reached *** piety under Trog
  3188 | D:4      | Found Ceebb's Antique Armour Boutique.
  3204 | D:4      | Found a white marble altar of Elyvilon.
  3317 | D:4      | Reached skill level 8 in Maces & Flails
  3345 | D:5      | Entered Level 5 of the Dungeon
  3741 | D:5      | Reached XP level 8. HP: 78/78 MP: 8/8
  4237 | D:5      | Reached skill level 9 in Maces & Flails
  4574 | D:6      | Found a white marble altar of Elyvilon.
  4737 | D:6      | Found a staircase to the Ecumenical Temple.
  5007 | D:6      | Found a basalt altar of Yredelemnul.
  5270 | D:7      | Reached skill level 10 in Maces & Flails
  5440 | D:7      | Reached XP level 9. HP: 51/84 MP: 9/9
  5866 | D:7      | Reached **** piety under Trog
  5957 | D:8      | Reached skill level 11 in Maces & Flails
  6383 | D:8      | Reached skill level 12 in Maces & Flails
  6385 | D:8      | wtf is this mace aptitude
  6491 | D:8      | Noticed Erica
  6502 | D:8      | Killed Erica
  6502 | D:8      | Reached XP level 10. HP: 92/92 MP: 10/10
  6627 | D:8      | Found Seefemuv's Antique Weapon Shoppe.
  6628 | D:8      | Noticed Joseph
  6655 | D:8      | Killed Joseph
  6655 | D:8      | Reached skill level 5 in Throwing
  6695 | D:8      | Cast into level 1 of the Abyss (gnoll)
  6697 | Abyss:1  | Found a corrupted altar of Lugonu.
  6763 | Abyss:1  | Noticed a sixfirhy
  6773 | Abyss:1  | Noticed an orange demon
  6781 | Abyss:1  | Killed a sixfirhy
  6800 | Abyss:1  | Noticed a starcursed mass
  6817 | Abyss:1  | Found a corrupted altar of Lugonu.
  6931 | Abyss:1  | Mangled by a lorocyproca

Vault maps used:
D:1:      arrival_zaba_pyramid
D:3:      minmay_wonky_spiral, uniq_natasha, uniq_terence
D:4:      elyvilon_altar_1, serial_shops, kennysheep_mini_moat, uniq_eustachio,
          uniq_duvessa
D:5:      first_bread
D:6:      nicolae_overflow_crystal_walls, minmay_temple_entry_glass,
          basic_altar, st_stairs_5
D:7:      hex_medium
D:8:      lemuel_doored_altar, gammafunk_temple_overflow_wave, serial_shops,
          shop, hangedman_pestilent_swarm, uniq_maurice, uniq_erica, uniq_joseph

Skill      XL: |  1  2  3  4  5  6  7  8  9 10 |
---------------+-------------------------------+-----
Maces & Flails | 3 4 5 6 7 8 10 12 | 12.1
Throwing       | 4 7 |  7.2
Fighting       | |  4.0
Dodging        | |  2.6

Action                   |  1- 3 |  4- 6 |  7- 9 | 10-12 || total
-------------------------+-------+-------+-------+-------++-------
Melee: Mace              |   126 |       |       |       ||   126
       Flail             |       |   141 |   147 |       ||   288
       Whip              |       |       |   266 |    57 ||   323
Invok: Berserk           |     2 |     1 |    10 |     3 ||    16
       Trog's Hand       |       |     1 |     2 |     2 ||     5
       Burn Spellbooks   |       |       |     1 |       ||     1
       Brothers in Arms  |       |       |       |     1 ||     1
Evoke: Wand              |       |       |     4 |       ||     4
  Use: Potion            |       |     4 |     1 |     6 ||    11
       Scroll            |       |     7 |     7 |       ||    14
  Eat: Chunk             |     1 |     8 |    20 |     1 ||    30
       Fruit             |       |       |     2 |     1 ||     3
       Bread ration      |       |       |       |     1 ||     1
Armor: Animal skin       |    54 |    39 |    55 |     7 ||   155
       Skin              |       |    11 |       |       ||    11
Dodge: Dodged            |    94 |    81 |   140 |    24 ||   339
